 Dungeon Crawl Stone Soup version 0.20.1-1-g8b1a95d (webtiles) character file.

252 Firecrotchwizard the Grasshopper (level 6, -15/42 HPs)
             Began as a Halfling Warper on Oct 24, 2017.
             Demolished by an ogre
             ... wielding a +0 giant club
              (25 damage)
             ... on level 4 of the Dungeon.
             The game lasted 00:08:34 (4140 turns).

Firecrotchwizard the Grasshopper (Halfling Warper)  Turns: 4140, Time: 00:08:34

Health: -15/42     AC:  3    Str: 12    XL:     6   Next: 36%
Magic:  0/8        EV: 14    Int: 13    God:
Gold:   105        SH:  0    Dex: 14    Spells: 6/8 levels left

rFire    . . .     SeeInvis .   a - +0 falchion
rCold    . . .     Gourm    .   (shield restricted)
rNeg     . . .     Faith    +   b - +0 leather armour
rPois    .         Spirit   +   (no helmet)
rElec    .         Reflect  .   i - scarf {Spirit}
rCorr    .         Harm     .   (no gloves)
MR       .....                  (no boots)
Stlth    +.........             u - amulet of faith {Faith, !P}
Regen    0.2/turn               (no ring)
MPRegen  0.2/turn               (no ring)

@: no status effects
A: mutation resistance 1
a: no special abilities


You were on level 4 of the Dungeon.
You were hungry.

You visited 1 branch of the dungeon, and saw 4 of its levels.

You collected 105 gold pieces.

Inventory:

Hand Weapons
 a - a +0 falchion (weapon)
Armour
 b - a +0 leather armour (worn)
 i - a scarf of spirit shield (worn)
   (You found it on level 1 of the Dungeon)
Jewellery
 u - an amulet of faith (around neck) {Faith, !P}
   (You found it on level 3 of the Dungeon)
Scrolls
 d - a scroll of blinking {!r}
 g - 2 scrolls of teleportation {unknown}
 h - a scroll of magic mapping {unknown}
 j - 2 scrolls of amnesia {unknown}
 m - 2 scrolls of remove curse {unknown}
 n - 4 scrolls of enchant armour {unknown}
 s - 3 scrolls of identify
Potions
 e - a potion of curing {unknown}
 l - a potion of heal wounds {unknown}
 o - a potion of haste
 p - a potion of ambrosia {unknown}
 t - 2 potions of cancellation {unknown}
Books
 c - a book of Spatial Translocations
Comestibles
 f - 3 bread rations {@e1}
 k - a meat ration {@e2}
 q - a royal jelly
 r - 3 chunks of flesh {@w0}


   Skills:
 + Level 3.2 Fighting
 + Level 3.8 Long Blades
 - Level 1.0 Throwing
 - Level 1.5 Armour
 - Level 2.5 Dodging
 - Level 1.5 Spellcasting
 + Level 5.0 Translocations


You had 6 spell levels left.
You knew the following spells:

 Your Spells              Type           Power        Failure   Level  Hunger
a - Shroud of Golubria    Chrm/Tloc      #.........   19%         2    ###....


Dungeon Overview and Level Annotations

Branches:
Dungeon (4/15)
 Temple: D:4-7

Altars:
Dithmenos
Ru
Vehumet
The Shining One

Shops:
D:4 (


Innate Abilities, Weirdness & Mutations

You are small and have problems with some larger weapons.
You are somewhat resistant to further mutation.


Message History

You barely miss the ogre. The ogre hits you with a giant club.
You take 3 damage, and have 23/36 hp.
You now have 5/7 mp.
You hit the ogre. The ogre barely misses you.
You riposte.
You hit the ogre. You hit the ogre. The ogre closely misses you.
You hit the ogre but do no damage. You hit the ogre. The ogre misses you.
You slash the ogre! The ogre closely misses you.
You hit the ogre. The ogre hits you with a giant club!
You take 8 damage, and have 16/36 hp.
MASSIVE DAMAGE!!
You now have 3/7 mp.
You are too injured to fight recklessly!
You are too injured to fight recklessly!
You are too injured to fight recklessly!
You are too injured to fight recklessly!
You are too injured to fight recklessly!
You hit the ogre.
You kill the ogre!
Your Fighting skill increases to level 3!
You have reached level 6!
Your experience leads to an increase in your attributes!
Increase (S)trength, (I)ntelligence, or (D)exterity?
You feel clever.
You regained 3 hp, and now have 19/42 hp.
Things that are here:
a giant club; an ogre corpse You butcher the ogre corpse.
r - 2 chunks of flesh {@w0}
Things that are here:
a giant club; an ogre skeleton You start resting.
Eating one of 2 chunks of flesh {@w0}.
You eat one of the 2 chunks of flesh {@w0}.
Health restored: 42; MP restored: 8
Things that are here:
a giant club; an ogre skeleton An orc comes into view.
It is wielding a club.
An orc comes into view. It is wielding a war axe.
The orc shouts! x2
The orc moves out of view.
An orc comes into view. It is wielding a whip.
An orc comes into view. It is wielding a short sword.
The orc shouts!
You slash the orc!
You kill the orc!
You hit the orc. You hit the orc but do no damage.
The orc completely misses you.
You hit the orc. The orc hits you with a whip.
You take 2 damage, and have 40/42 hp.
You hit the orc.
You kill the orc!
You hit the orc. The orc misses you.
You riposte.
You hit the orc. You hit the orc.
You kill the orc!
The orc misses you.
You hit the orc. The orc closely misses you.
You hit the orc. The orc hits you with a war axe.
You take 1 damage, and have 40/42 hp.
You hit the orc.
You kill the orc!
Your Translocations skill increases to level 5!
No target in view!
Things that are here:
a short sword; a whip; an orc corpse You butcher the orc corpse.
r - 2 chunks of flesh {@w0} (gained 1)
Things that are here:
a short sword; a whip
Things that are here:
a short sword; a whip
j - 2 scrolls labeled CEECALYGAF (gained 1)
n - 4 scrolls labeled VIYNIE GERPHUDA (gained 1)
Things that are here:
a war axe; a club; an orc corpse You butcher the orc corpse.
r - 4 chunks of flesh {@w0} (gained 2)
Things that are here:
a war axe; a club
Things that are here:
a war axe; a club
Found Tuask's Antique Weapon Emporium.
Found a stone staircase leading down.
Health restored: 42 An ogre comes into view.
It is wielding a giant club.
The ogre misses you.
Some of the chunks of flesh in your inventory have rotted away.
You hit the ogre.
You are feeling hungry.
You hit the ogre. The ogre hits you with a giant club!!
You take 20 damage, and have 22/42 hp.
MASSIVE DAMAGE!!
You now have 4/8 mp.
You barely miss the ogre. The ogre barely misses you.
You hit the ogre. The ogre barely misses you.
You barely miss the ogre. The ogre hits you with a giant club!
* * * LOW HITPOINT WARNING * * *
You take 12 damage, and have 10/42 hp.
MASSIVE DAMAGE!!
You now have 2/8 mp.
You slash the ogre! The ogre hits you with a giant club!!
Ouch! That really hurt!
You die...

#.# ### ## #.# #.. #..
#.# #.# .. #.# #.# .#
##.## #.###.####
##...####>...#...#
#####...........∩.#
#.................#
#.###...........@O#
#.)).................#
...#######.......###.#
###.# #.......# # #
#.# #......... ###.#
#####.#### ...## #.#
#### #.


You could see an ogre.

Vanquished Creatures
  An ogre (D:4)
  A howler monkey (D:4)
  4 adders
  3 worms
  3 dart slugs
  3 leopard geckos
  5 orcs
  2 giant cockroaches (D:1)
  11 goblins
  13 hobgoblins
  7 kobolds
  3 quokkas
  6 bats
  5 frilled lizards
  10 rats
77 creatures vanquished.

Notes
Turn   | Place    | Note
-------+----------+-------------------------------------------
     0 | D:1      | Firecrotchwizard the Halfling Warper began the quest for the Orb.
     0 | D:1      | Reached XP level 1. HP: 14/14 MP: 3/3
   208 | D:1      | Reached skill level 2 in Fighting
   259 | D:1      | Reached XP level 2. HP: 11/19 MP: 4/4
   427 | D:1      | Learned a level 2 spell: Shroud of Golubria
   785 | D:1      | Reached XP level 3. HP: 24/24 MP: 0/5
  1285 | D:2      | Found a glowing golden altar of the Shining One.
  1321 | D:2      | Found a sacrificial altar of Ru.
  1355 | D:2      | Found a shadowy altar of Dithmenos.
  1594 | D:2      | Reached XP level 4. HP: 26/29 MP: 4/6
  2173 | D:2      | Reached skill level 4 in Translocations
  2413 | D:3      | Reached skill level 3 in Long Blades
  2688 | D:3      | HP: 11/45 [poisoned by an adder]
  2886 | D:3      | Reached XP level 5. HP: 9/35 MP: 1/7
  2886 | D:3      | HP: 6/35 [goblin/club (3)]
  3189 | D:3      | HP: 8/35 [leopard gecko (1)]
  3194 | D:3      | HP: 3/35 [dart slug/slug dart (2)]
  3618 | D:3      | Found a radiant altar of Vehumet.
  3896 | D:4      | Noticed an ogre
  3904 | D:4      | Killed an ogre
  3904 | D:4      | Reached skill level 3 in Fighting
  3904 | D:4      | Reached XP level 6. HP: 19/42 MP: 3/8
  4109 | D:4      | Reached skill level 5 in Translocations
  4127 | D:4      | Found Tuask's Antique Weapon Emporium.
  4131 | D:4      | Noticed an ogre
  4139 | D:4      | HP: 10/42 [ogre/giant club (12)]
  4140 | D:4      | Demolished by an ogre

Skill      XL: |  1  2  3  4  5  6 |
---------------+-------------------+-----
Fighting       | 2 3 |  3.2
Translocations | 4 5 |  5.0
Long Blades    | 3 |  3.8
Throwing       | |  1.0
Armour         | |  1.5
Dodging        | |  2.5
Spellcasting   | |  1.5

Action                   |  1- 3 |  4- 6 || total
-------------------------+-------+-------++-------
Melee: Falchion          |    96 |   167 ||   263
Throw: Tomahawk          |     5 |       ||     5
 Cast: Shroud of Golubri |     4 |     1 ||     5
  Use: Scroll            |     1 |       ||     1
       Potion            |       |     1 ||     1
 Stab: Paralysed         |     3 |       ||     3
       Invisible         |     1 |       ||     1
  Eat: Chunk             |     3 |     6 ||     9
       Fruit             |       |     2 ||     2
Armor: Leather armour    |    19 |    25 ||    44
Dodge: Dodged            |    74 |   142 ||   216
       Rpst.: Falchion   |    31 |    45 ||    76

Vault maps used:
D:1:      evilmike_arrival_run_for_it
D:2:      lemuel_crystal_altar, grunt_dithmenos_smoke,
          nicolae_ru_great_annihilating_truth
D:3:      overflow_temple_1_default, kennysheep_generic_room_11
D:4:      gammafunk_temple_overflow_claw, first_bread, serial_shops, shop

Table legend:
 A = Turns spent in this place as a percentage of turns spent in the entire game.
 B = Non-inter-level travel turns spent in this place as a percentage of non-inter-level travel turns spent in the entire game.
 C = Inter-level travel turns spent in this place as a percentage of turns spent in this place.
 D = Turns resting spent in this place as a percentage of non-inter-level travel turns spent in this place.
 E = Turns spent auto-exploring this place as a percentage of non-inter-level travel turns spent in this place.
 F = Non-inter-level travel turns spent in this place divided by the number of levels of this place that you've seen.
                   A       B       C       D       E      F
               +-------+-------+-------+-------+-------+----------------------
         Total | 100.0 | 100.0 |   0.5 |   8.8 |  11.4 | 208.2
       Dungeon | 100.0 | 100.0 |   0.5 |   8.8 |  11.4 | 208.2
               +-------+-------+-------+-------+-------+----------------------

Table legend:
 A = Kills in this place as a percentage of kills in entire the game.
 B = Kills by you in this place as a percentage of kills by you in the entire game.
 C = Kills by friends in this place as a percentage of kills by friends in the entire game.
 D = Other kills in this place as a percentage of other kills in the entire game.
 E = Experience gained in this place as a percentage of experience gained in the entire game.
 F = Experience gained in this place divided by the number of levels of this place that you have seen.
                   A       B       C       D       E      F
               +-------+-------+-------+-------+-------+----------------------
         Total | 100.0 | 100.0 |  -nan |  -nan | 100.0 |  90.0
       Dungeon | 100.0 | 100.0 |  -nan |  -nan | 100.0 |  90.0
               +-------+-------+-------+-------+-------+----------------------
